 Dungeon Crawl Stone Soup version 0.28-a0-577-gb193047a1f (webtiles) character file.

Game seed: 18206840338512782792

93 demibob the Poker (level 4, -14/33 HPs)
             Began as a Merfolk Gladiator on Oct 2, 2021.
             Killed by divine providence
             ... invoked by an orc priest
              (16 damage)
             ... on level 3 of the Dungeon.
             The game lasted 00:03:07 (2226 turns).

demibob the Poker (Merfolk Gladiator)               Turns: 2226, Time: 00:03:07

Health: -14/33     AC:  5    Str: 14    XL:     4   Next: 61%
Magic:  4/4        EV: 14    Int:  7    God:
Gold:   146        SH:  0    Dex: 16    Spells: 3/3 levels left

rFire   . . .      SeeInvis .   a - +1 trident
rCold   . . .      Faith    .   (no shield)
rNeg    . . .      Spirit   .   b - +1 leather armour
rPois   .          Reflect  .   c - +0 helmet
rElec   .          Harm     .   (no cloak)
rCorr   .          Rampage  .   (no gloves)
Will    +....                   (no boots)
Stlth   +.........              (no amulet)
HPRegen 0.11/turn               W - ring of willpower
MPRegen 0.09/turn               (no ring)

@: no status effects
A: (nimble swimmer 2), mertail
a: no special abilities


You were on level 3 of the Dungeon.
You visited 1 branch of the dungeon, and saw 3 of its levels.

You collected 146 gold pieces.


Innate Abilities, Weirdness & Mutations

((You are quick and stealthy near water. (Stealth+, EV+, Speed+++)))
Your lower body shifts to a powerful aquatic tail in water.


   Skills:
 - Level 2.1 Fighting
 + Level 6.2 Polearms
 - Level 2.0 Throwing
 + Level 5.6 Dodging


You had 3 spell levels left.
You didn't know any spells.
Your spell library contained the following spells:

 Spells                   Type           Power      Damage    Failure   Level
 Animate Skeleton         Necr           0%         N/A       52%         1
 Apportation              Tloc           0%         N/A       52%         1
 Summon Small Mammal      Summ           0%         N/A       52%         1
 Sublimation of Blood     Necr           0%         N/A       65%         2
 Wereblood                Tmut           0%         N/A       65%         2
 Summon Hydra             Summ           0%         N/A       100%        7

Inventory:

Hand Weapons
 a - a +1 trident (weapon)
Missiles
 d - 3 throwing nets (quivered) {=f}
Armour
 b - a +1 leather armour (worn)
 c - a +0 helmet (worn)
Jewellery
 W - a ring of willpower (left hand)
Scrolls
 k - a scroll of immolation {unknown}
Potions
 e - a potion of flight
 f - a potion of ambrosia {unknown}
 i - a potion of lignification {unknown}

Dungeon Overview and Level Annotations

Branches:
Dungeon (3/15)

Altars:
Hepliaklqana

Shops:
D:1 [ D:3

(
#...#.#####################
#...#.# #...#.#
#...#.###### #...#......###
#...######...#
##########...#
#......<.'...# #
#........#@..# # ###
#........#...# #
..#####........#...# #
#..............#...# #
...............#...# #
..♣..♣♣...####.....# #
..♣♣..♣...## #..)..#
#.♣♣..♣♣...# #..og.#
#..♣.[♣♣...# #...o.#


You could see an orc priest and a goblin (fast).


Message History

You barely miss the orc priest.
The orc priest is severely wounded.
The goblin closely misses you. The orc priest hits you with a +0 whip.
* * * LOW HITPOINT WARNING * * *
The orc hits you with a +0 club.
* * * LOW HITPOINT WARNING * * *
Unknown command.
You hit the orc priest but do no damage.
The orc priest is severely wounded.
The goblin hits you but does no damage. The orc priest barely misses you.
The goblin closely misses you. The orc hits you with a +0 club.
* * * LOW HITPOINT WARNING * * *
Unknown command.
You feel better. The goblin misses you.
The orc priest mumbles some strange prayers to Beogh against you.
Pain shoots through your body!
* * * LOW HITPOINT WARNING * * *
The orc closely misses you.
You feel better. The goblin hits you with a +0 club.
* * * LOW HITPOINT WARNING * * *
The orc priest calls down the wrath of Beogh upon you.
Beogh smites you!
* * * LOW HITPOINT WARNING * * *
The goblin completely misses you. The orc closely misses you.
Blink to where?
Press: ? - help, Dir - move target
As you read the scroll of blinking, it crumbles to dust.
The orc priest mumbles some strange prayers to Beogh against you.
Beogh smites you!
You die...

Skill      XL: |  1  2  3  4 |
---------------+-------------+-----
Polearms       | 5 6 |  6.2
Dodging        | 5 |  5.6
Fighting       | |  2.1
Throwing       | |  2.0

Action                   |  1- 3 |  4- 6 || total
-------------------------+-------+-------++-------
Melee: Trident           |    95 |    56 ||   151
  Use: Scroll            |     2 |     6 ||     8
       Potion            |       |     4 ||     4
 Stab: Sleeping          |     1 |       ||     1
Armor: Leather armour    |    12 |    10 ||    22
Dodge: Dodged            |    47 |    47 ||    94

Levels and vault maps discovered:
D:1:      lightli_arrival_quake, layout_basic, serial_shops, nicolae_shop_trees
D:2:      layout_basic, moated_statue
D:3:      layout_basic, mainiacjoe_overflow_catch_the_wave,
          mainiacjoe_overflow_chevrons, serial_shops, shop

Notes
Turn   | Place    | Note
-------+----------+-------------------------------------------
     0 | D:1      | demibob the Merfolk Gladiator began the quest for the Orb.
     0 | D:1      | Reached XP level 1. HP: 16/16 MP: 1/1
   157 | D:1      | Reached XP level 2. HP: 22/22 MP: 2/2
   204 | D:1      | Found Lupuis's Antique Armour Emporium.
   230 | D:1      | Reached skill level 5 in Polearms
   535 | D:1      | Reached XP level 3. HP: 27/27 MP: 3/3
   965 | D:2      | Reached skill level 5 in Dodging
  1076 | D:2      | Reached XP level 4. HP: 20/33 MP: 4/4
  1287 | D:3      | Found Qumunuobb's Antique Weapon Shop.
  1396 | D:3      | Reached skill level 6 in Polearms
  1605 | D:3      | Found a hazy altar of Hepliaklqana.
  2225 | D:3      | HP: 1/33 [orc priest/divine providence (14)]
  2226 | D:3      | Killed from afar by an orc priest

Vanquished Creatures
  4 adders
  2 dart slugs (D:2)
  2 orcs
  8 endoplasms
  3 giant cockroaches
  6 goblins
  6 hobgoblins
  2 kobolds (D:1)
  A quokka (D:2)
  9 ball pythons
  3 rats
46 creatures vanquished.

Vanquished Creatures (others)
  19 fungi (D:3)
19 creatures vanquished.

Grand Total: 65 creatures vanquished

Table legend: (Time is in decaauts)
 A = Elapsed time spent in this place.
 B = Non-inter-level travel time spent in this place.
 C = Inter-level travel time spent in this place.
 D = Time resting spent in this place.
 E = Time spent auto-exploring this place.
 F = Levels seen in this place.
 G = Mean time per level.
                   A        B        C        D        E       F      G
               +--------+--------+--------+--------+--------+-----+--------+
         Total |   2229 |   2144 |     85 |    580 |   1203 |   3 |  743.0 |
       Dungeon |   2229 |   2144 |     85 |    580 |   1203 |   3 |  743.0 |
               +--------+--------+--------+--------+--------+-----+--------+

Top non-repeatable levels by time:
     D:2: 811 daAuts
     D:3: 749 daAuts
     D:1: 668 daAuts

Table legend:
 A = Non-vault XP
 B = Vault XP
 C = Vault XP percentage of total XP
 D = Non-vault monster count
 E = Vault monster count
 F = Vault count percentage of total count
                 A         B        C        D         E       F
            +---------+---------+-------+---------+---------+-------
      Total |     133 |       0 |   0.0 |      46 |       0 |   0.0
            +---------+---------+-------+---------+---------+-------
        D:1 |      36 |       0 |   0.0 |      21 |       0 |   0.0
        D:2 |      54 |       0 |   0.0 |      15 |       0 |   0.0
        D:3 |      43 |       0 |   0.0 |      10 |       0 |   0.0
            +---------+---------+-------+---------+---------+-------
